 Dungeon Crawl Stone Soup version 0.20-a0-1006-ge6c5631 (webtiles) character file.

58 M4edhros the Gusty (level 4, -4/30 HPs)
             Began as a Formicid Air Elementalist on Apr 13, 2017.
             Was an Initiate of Dithmenos.
             Slain by cirnu's ghost (6 damage)
             ... on level 3 of the Dungeon.
             The game lasted 00:04:27 (709 turns).

M4edhros the Gusty (Formicid Air Elementalist)       Turns: 709, Time: 00:04:28

Health: -4/30      AC:  4    Str: 13    XL:     4   Next: 21%
Magic:  2/8        EV: 12    Int: 14    God:    Dithmenos [......]
Gold:   61         SH:  0    Dex: 12    Spells: 7/8 levels left

rFire    . . .     SeeInvis +   h - +2 quarterstaff (chaos)
rCold    . . .     Gourm    .   (no shield)
rNeg     . . .     Faith    .   a - +0 robe
rPois    +         Spirit   .   (helmet unavailable)
rElec    .         Reflect  .   i - +1 cloak {rPois}
rCorr    .         Harm     .   (no gloves)
MR       .....                  (no boots)
Stlth    ++........             (no amulet)
Regen    0.1/turn               (no ring)
MPRegen  0.2/turn               (no ring)

@: very slightly contaminated
A: permanent stasis, dig shafts and tunnels, four strong arms, antennae 3
a: Dig, Shaft Self, Renounce Religion


You were on level 3 of the Dungeon.
You worshipped Dithmenos.
Dithmenos was noncommittal.
You were not hungry.

You visited 1 branch of the dungeon, and saw 3 of its levels.

You collected 61 gold pieces.

Inventory:

Hand Weapons
 h - a +2 quarterstaff of chaos (weapon)
Armour
 a - a +0 robe (worn)
 e - a +0 cloak
 i - a +1 cloak of poison resistance (worn)
Scrolls
 k - a scroll of teleportation {unknown}
Potions
 f - a potion of degeneration {unknown}
 g - a potion of curing {unknown}
Books
 b - a book of Air

   Spells                             Type                      Level
   a - Shock                          Conjuration/Air              1
   b - Swiftness                      Charms/Air                   2
   c - Static Discharge               Conjuration/Air              3
   d - Airstrike                      Air                          4
   e - Lightning Bolt                 Conjuration/Air              5
Comestibles
 c - 4 bread rations
 d - a royal jelly
 j - a meat ration


   Skills:
 + Level 2.2 Dodging
 - Level 2.4 Stealth
 + Level 2.7 Spellcasting
 + Level 1.4 Conjurations
 * Level 3.2 Air Magic


You had 7 spell levels left.
You knew the following spells:

 Your Spells              Type           Power        Failure   Level  Hunger
a - Shock                 Conj/Air       #...         12%         1    #......


Dungeon Overview and Level Annotations

Branches:
Dungeon (3/15)

Altars:
Dithmenos
Makhleb
Nemelex Xobeh

Annotations:
D:3 cirnu's ghost, amateur DsGl


Innate Abilities, Weirdness & Mutations

You cannot be hasted, slowed, berserked, paralysed or teleported.
You can dig through walls and to a lower floor.
Your four strong arms can wield two-handed weapons with a shield.
You have a pair of large antennae on your head. (SInv)


Message History

The zap misses cirnu's ghost.
Cirnu's ghost hits you!
* * * LOW HITPOINT WARNING * * *
Casting: Shock
Confirm with . or Enter, or press ? or * to list all spells.
Aiming: Shock
Press: ? - help, Shift-Dir - straight line You miscast Shock.
Nothing appears to happen.
Cirnu's ghost closely misses you.
Okay, then.
Cirnu's ghost screams, "Death is your only future!"
You see here 23 stones.
A worm comes into view.
Found 13 gold pieces.
An adder and a river rat come into view.
An adder comes into view.
The adder hisses angrily.
The river rat bites you.
* * * LOW HITPOINT WARNING * * *
A worm comes into view.
Cirnu's ghost hits you.
You die...

###.#
#..................#
....#
###...........######
###.# #.####.#.##.#
#...# #.# #.#.##)#
#.#.# #.# #.#.##.#
....# #.# #(#.##.#
#.### #.# #...##.#
#.# #.# ###.# .# #.#
#@######.# ..# #####
#W##....## #####.<.#
#.S.r...# {
........# #####w.≈#
#####...# #..≈# { #
##.## #.{≈≈≈ #.#
...≈#≈# #.# #..$≈≈≈#
... #....#w#


You could see cirnu's ghost and an adder.

Vanquished Creatures
  Crazy Yiuf (D:2)
  An adder (D:3)
  2 leopard geckos
  A ball python (D:1)
  2 bats
  2 giant cockroaches
  6 goblins
  A hobgoblin (D:3)
  3 frilled lizards
  A rat (D:3)
20 creatures vanquished.

Notes
Turn   | Place    | Note
-------+----------+-------------------------------------------
     0 | D:1      | M4edhros the Formicid Air Elementalist began the quest for the Orb.
     0 | D:1      | Reached XP level 1. HP: 13/13 MP: 3/3
    19 | D:1      | Reached skill level 1 in Conjurations
   141 | D:3      | Reached XP level 2. HP: 19/19 MP: 1/5
   230 | D:3      | Found a sparkling altar of Nemelex Xobeh.
   281 | D:3      | Reached XP level 3. HP: 13/24 MP: 3/6
   286 | D:3      | Noticed cirnu's ghost (amateur DsGl)
   456 | D:2      | Found a runed door.
   460 | D:2      | Noticed Crazy Yiuf
   477 | D:2      | Killed Crazy Yiuf
   477 | D:2      | Reached skill level 3 in Air Magic
   477 | D:2      | Reached XP level 4. HP: 25/30 MP: 3/7
   650 | D:3      | Found a shadowy altar of Dithmenos.
   650 | D:3      | Found a burning altar of Makhleb.
   654 | D:3      | Became a worshipper of Dithmenos the Shadowed
   709 | D:3      | Slain by cirnu's ghost

Vault maps used:
D:1:      minmay_arrival_checkered_box, minmay_misc_feat_tiny
D:2:      lemuel_round_altar, uniq_crazy_yiuf_cottage
D:3:      gammafunk_temple_overflow_elements, first_bread,
          lightli_sewer_entry_pipes, nemelex_diamond_rough_becter

Skill      XL: |  1  2  3 |
---------------+----------+-----
Conjurations   | 1 |  1.4
Dodging        | 2 |  2.2
Air Magic      | 3 |  3.2
Stealth        | |  2.4
Spellcasting   | |  2.7

Action                   |  1- 3 |  4- 6 || total
-------------------------+-------+-------++-------
Melee: Unarmed           |    14 |       ||    14
       Quarterstaff      |       |     9 ||     9
 Cast: Shock             |    29 |     8 ||    37
  Use: Scroll            |     1 |       ||     1
       Potion            |     1 |       ||     1
 Stab: Sleeping          |       |     2 ||     2
Armor: Robe              |     5 |     2 ||     7
Dodge: Dodged            |    16 |    11 ||    27
